AoeStats
← Carple

Arena

504947756Analyzed
1v1 RM · 26d ago on Sep 7, 2026· 41m 34s· 2 players
Game mode
Random Map
Map size
Tiny (2 player)
Population
200
Speed
Normal
Resources
Standard
Victory
Conquest
Starting age
Dark Age
Ending age
Imperial Age
RankedLock teamsTeams togetherTeam positionsShared explorationLock speedFull tech treeHidden civsTurbo modeCheats
Victory
Defeat
🇺🇸 Burgundians · United States
1272
+15
🇨🇦 Spanish · Canada
1257
-15
Carple
10:32 Feudal Age
11:13 Double-Bit Axe
13:43 Loom
16:33 Castle Age
14:53 Stone Mining
15:01 Horse Collar
15:27 Fletching
15:56 Gold Mining
17:53 Bow Saw
18:07 Husbandry
19:56 Padded Archer Armor
20:54 Bloodlines
23:20 Town Watch
24:47 Wheelbarrow
26:52 Light Cavalry
27:44 Heavy Plow
29:36 Forging
29:32 Scale Barding Armor
33:53 Imperial Age
32:39 Iron Casting
32:56 Squires
33:14 Scale Mail Armor
32:42 Pikeman
33:08 Gambesons
33:09 Arson
36:01 Blast Furnace
35:40 Hand Cart
36:04 Conscription
35:45 Cavalier
35:57 Halberdier
36:59 Chain Mail Armor
37:01 Leather Archer Armor
37:21 Hussar
X Dr Foote X
11:12 Feudal Age
15:35 Castle Age
14:13 Double-Bit Axe
14:36 Horse Collar
16:01 Heavy Plow
16:15 Light Cavalry
17:47 Bow Saw
18:21 Husbandry
20:57 Two-Man Saw
22:33 Elite Skirmisher
23:48 Fortified Wall
23:50 Loom
24:40 Wheelbarrow
24:37 Sanctity
24:45 Town Watch
24:26 Cavalier
26:19 Fletching
26:34 Gold Mining
27:12 Bodkin Arrow
28:19 Scale Barding Armor
29:38 Chain Barding Armor
31:57 Imperial Age
30:46 Hand Cart
30:58 Ballistics
31:37 Gold Shaft Mining
31:35 Crop Rotation
31:20 Padded Archer Armor
31:32 Forging
32:48 Leather Archer Armor
33:45 Chemistry
32:13 Paladin
33:36 Block Printing
34:48 Bracer
35:02 Burgundian Vineyards
35:55 Conscription
37:48 Plate Barding Armor
38:47 Iron Casting
38:14 Stone Mining
39:25 Illumination
39:03 Atonement
Connection lost

Rejoining the realm…

Still unreachable

The connection could not be restored.

Session expired

The server has moved on; the page needs a fresh start.